 Dungeon Crawl Stone Soup version 0.23-a0-741-g38971ea054 (webtiles) character file.

6982 Infinimo the Grappler (level 10, -7/85 HPs)
             Began as a Demonspawn Monk on Jan 18, 2019.
             Was a High Priest of Makhleb.
             Mangled by a komodo dragon (19 damage)
             ... on level 2 of the Lair of Beasts.
             The game lasted 00:18:18 (11939 turns).

Infinimo the Grappler (Demonspawn Monk)            Turns: 11939, Time: 00:18:19

Health: -7/85      AC: 13    Str: 16    XL:     10   Next: 81%
Magic:  0/10       EV:  5    Int: 11    God:    Makhleb [*****.]
Gold:   583        SH:  0    Dex: 17    Spells: 9/9 levels left

rFire    + . .     SeeInvis .     - Unarmed
rCold    . . .     Gourm    .   (no shield)
rNeg     . . .     Faith    +   p - +1 plate armour
rPois    +         Spirit   +   (helmet restricted)
rElec    .         Reflect  .   m - +0 cloak
rCorr    .         Harm     .   (no gloves)
MR       .....                  s - +0 pair of boots
Stlth    ..........             i - amulet of faith
HPRegen  0.24/turn              n - +5 ring of slaying
MPRegen  0.24/turn              u - ring of poison resistance

@: no status effects
A: antennae 1, beak, hooves 1, thin skeletal structure 1, fire resistance 1,
powered by death 1, magic shield, magic regeneration, magic link
a: Minor Destruction, Lesser Servant of Makhleb, Major Destruction, Greater
Servant of Makhleb, Renounce Religion


You were on level 2 of the Lair of Beasts.
You worshipped Makhleb.
Makhleb was extremely pleased with you.
You were hungry.

You visited 3 branches of the dungeon, and saw 13 of its levels.
You also visited: Ossuary.

You collected 583 gold pieces.

Inventory:

Armour
 g - a +0 helmet
 m - a +0 cloak (worn)
 p - a +1 plate armour (worn)
 s - a +0 pair of boots (worn)
Jewellery
 a - an uncursed ring of see invisible {unknown}
 i - an amulet of faith (around neck)
 k - an uncursed ring of protection from cold
 n - a +5 ring of slaying (left hand)
 u - a ring of poison resistance (right hand)
Scrolls
 f - 10 scrolls of remove curse
 h - 5 scrolls of immolation
 q - a scroll of torment {unknown}
 v - 2 scrolls of random uselessness
 x - a scroll of summoning {unknown}
 y - a scroll of holy word {unknown}
Potions
 c - a potion of mutation
 d - a potion of magic {unknown}
 e - 3 potions of heal wounds
 j - 7 potions of curing
 l - 3 potions of brilliance
 o - a potion of cancellation
 r - a potion of ambrosia {unknown}
 t - a potion of agility
Comestibles
 b - 22 rations


   Skills:
 + Level 10.1 Fighting
 - Level 2.6 Dodging
 - Level 1.7 Stealth
 * Level 12.5 Unarmed Combat


You had 9 spell levels left.
You didn't know any spells.
Your spell library contained the following spells:

 Spells                   Type           Power        Failure   Level  Hunger
 Infusion                 Chrm           #...         100%        1    ##.....
 Shroud of Golubria       Chrm/Tloc      #.........   100%        2    ###....
 Song of Slaying          Chrm           #.......     100%        2    ###....
 Regeneration             Chrm/Necr      #.........   100%        3    ####...
 Spectral Weapon          Hex/Chrm       #.......     100%        3    ####...


Dungeon Overview and Level Annotations

Branches:
Dungeon (10/15)            Temple (1/1) D:6            Lair (2/6) D:8
    Orc (0/2) D:9
  Swamp: Lair:2-4    Shoals: Lair:2-4     Snake: Lair:2-4    Spider: Lair:2-4

Altars:
Ashenzari
Cheibriados
Dithmenos
Elyvilon
Fedhas
Gozag
Hepliaklqana
Kikubaaqudgha
Makhleb
Nemelex Xobeh
Okawaru
Qazlal
Ru
Sif Muna
Trog
Uskayaw
Vehumet
Wu Jian
Xom
Yredelemnul
Zin
The Shining One

Shops:
D:4 %   D:10 [

Portals:
Trove: D:10 (give 2 scrolls of acquirement)


Innate Abilities, Weirdness & Mutations

You have large cloven feet.
You have a somewhat thin skeletal structure. (Dex +2, Stealth)
You regenerate a little health from kills.
When hurt, damage is shared between your health and your magic reserves.
You regenerate magic rapidly.
When low on magic, you restore magic in place of health.
You have a pair of small antennae on your head.
You have a beak for a mouth.
Your flesh is heat resistant. (rF+)


Message History

* * * LOW HITPOINT WARNING * * *
The spiny frog is severely wounded.
You pummel the spiny frog!!
You kill the spiny frog!
Makhleb accepts your kill.
You feel better. The komodo dragon bites you!
* * * LOW HITPOINT WARNING * * *
You peck the komodo dragon, but do no damage.
You peck the komodo dragon.
The komodo dragon is lightly wounded.
The komodo dragon bites you!
* * * LOW HITPOINT WARNING * * *
You peck the komodo dragon, but do no damage.
The komodo dragon is lightly wounded.
Unknown command.
You peck the komodo dragon.
The komodo dragon is lightly wounded.
The komodo dragon bites you!!
You die...

### #)# #.#
##.P #^.##
#lP####.##.#
#@<††.(.?..#
#.#####..##..
## ##


You could see a komodo dragon.

Vanquished Creatures
  Psyche (D:7)
  A spiny frog (Lair:2)
  3 trolls (D:9)
  2 hippogriffs
  A spriggan (D:7)
  2 hungry ghosts
  Menkaure (D:5)
  3 wargs (D:8)
  2 orc warriors (D:7)
  A water moccasin (Lair:2)
  Duvessa (D:4)
  3 sky beasts
  A black bear (D:6)
  2 ice beasts
  3 ogres
  3 phantoms
  3 wolves (Lair:2)
  2 centaurs
  2 big kobolds
  2 bullfrogs
  Dowan (D:4)
  4 scorpions
  A water moccasin skeleton (D:10)
  11 killer bees
  4 wights (D:9)
  3 howler monkeys
  2 quasits
  A bullfrog zombie (D:5)
  4 centaur zombies
  3 crimson imps
  2 hounds
  Crazy Yiuf (D:6)
  A jelly (D:9)
  4 orc priests
  A bullfrog skeleton (D:6)
  4 orc wizards
  5 iguanas
  2 worker ants
  2 big kobold zombies (Ossuary)
  A hound zombie (D:9)
  4 mummies (Ossuary)
  A worker ant zombie (D:10)
  A howler monkey skeleton (D:10)
  9 gnolls
  8 adders
  2 shadow imps
  An adder skeleton (D:9)
  2 dart slugs
  7 leopard geckos
  22 orcs
  5 giant cockroaches
  2 gnoll zombies (Ossuary)
  9 goblins
  6 hobgoblins
  11 jackals
  14 kobolds
  7 quokkas
  3 ball pythons
  4 bats
  5 frilled lizards
  2 goblin zombies
  3 hobgoblin zombies
  An orc skeleton (D:8)
  A quokka zombie (D:9)
  9 rats
235 creatures vanquished.

Notes
Turn   | Place    | Note
-------+----------+-------------------------------------------
     0 | D:1      | Infinimo the Demonspawn Monk began the quest for the Orb.
     0 | D:1      | Reached XP level 1. HP: 18/18 MP: 1/1
   214 | D:1      | Reached skill level 3 in Unarmed Combat
   216 | D:1      | Gained mutation: You have a somewhat thin skeletal
                  | structure. (Dex +2, Stealth) [demonic ancestry]
   216 | D:1      | Reached XP level 2. HP: 18/24 MP: 2/2
   401 | D:1      | Found a shattered altar of Ashenzari.
  1104 | D:2      | Gained mutation: When hurt, damage is shared between your
                  | health and your magic reserves. [demonic ancestry]
  1104 | D:2      | Reached XP level 3. HP: 23/29 MP: 3/3
  1885 | D:3      | HP: 1/29 [gnoll (3)]
  2193 | D:3      | Reached skill level 4 in Unarmed Combat
  2193 | D:3      | Reached XP level 4. HP: 26/37 MP: 2/4
  2755 | D:3      | Noticed an ogre
  3622 | D:4      | Noticed an ogre
  3634 | D:4      | Killed an ogre
  3634 | D:4      | Gained mutation: You regenerate a little health from kills.
                  | [demonic ancestry]
  3634 | D:4      | Reached XP level 5. HP: 42/42 MP: 5/5
  3758 | D:4      | Reached skill level 5 in Unarmed Combat
  4025 | D:4      | Noticed Duvessa
  4025 | D:4      | Noticed Dowan
  4082 | D:4      | Killed Duvessa
  4082 | D:4      | Reached XP level 6. HP: 10/49 MP: 0/6
  4093 | D:4      | Killed Dowan
  4121 | D:4      | Found an ornate altar of the Wu Jian Council.
  4247 | D:4      | Reached skill level 5 in Fighting
  4247 | D:4      | Reached skill level 6 in Unarmed Combat
  4278 | D:4      | Found a radiant altar of Vehumet.
  4278 | D:4      | Found a glowing golden altar of the Shining One.
  4279 | D:4      | Found a blossoming altar of Fedhas.
  4397 | D:5      | Entered Level 5 of the Dungeon
  4512 | D:4      | Found Gume's Food Shoppe.
  4742 | D:5      | Noticed Menkaure
  4748 | D:5      | Got a warped chain mail
  5021 | D:4      | Identified the cursed +1 chain mail of Ruxuf {*Drain Int+4
                  | Dex+2} (You found it on level 5 of the Dungeon)
  5029 | D:5      | Gained mutation: You regenerate magic rapidly. [demonic
                  | ancestry]
  5029 | D:5      | Reached XP level 7. HP: 52/56 MP: 5/7
  5412 | D:5      | Killed Menkaure
  5412 | D:5      | Reached skill level 7 in Unarmed Combat
  5692 | D:5      | Reached XP level 8. HP: 37/64 MP: 5/8
  6120 | D:5      | Reached skill level 8 in Unarmed Combat
  6202 | D:6      | Found a snail-covered altar of Cheibriados.
  6236 | D:6      | Found a hazy altar of Hepliaklqana.
  6433 | D:6      | Found a hide-covered altar of Uskayaw.
  6433 | D:6      | Found a burning altar of Makhleb.
  6698 | D:6      | Found a staircase to the Ecumenical Temple.
  6707 | Temple   | Entered the Ecumenical Temple
  6944 | D:6      | Became a worshipper of Makhleb the Destroyer
  6944 | D:6      | Reached * piety under Makhleb
  6944 | D:6      | Reached ** piety under Makhleb
  7122 | D:6      | Found a runed door.
  7501 | D:6      | Noticed Crazy Yiuf
  7506 | D:6      | Killed Crazy Yiuf
  7574 | D:7      | Reached skill level 9 in Unarmed Combat
  7797 | D:7      | Gained mutation: You have large cloven feet. [demonic
                  | ancestry]
  7797 | D:7      | Reached XP level 9. HP: 62/72 MP: 6/9
  7980 | D:7      | Got a translucent helmet
  7986 | D:7      | Identified the cursed +0 helmet "Xofrat" {-Tele rN+++
                  | Stlth+} (You found it on level 7 of the Dungeon)
  8297 | D:6      | Found a shadowy altar of Dithmenos.
  8297 | D:6      | Found a stormy altar of Qazlal.
  8297 | D:6      | Found a white marble altar of Elyvilon.
  8912 | D:7      | Found a sacrificial altar of Ru.
  9187 | D:8      | Noticed Psyche
  9198 | D:7      | Killed Psyche
  9198 | D:7      | Reached skill level 10 in Unarmed Combat
  9205 | D:8      | Identified the +9 quarterstaff of the Imperium {crush, rF+
                  | Dex+8}
  9248 | D:8      | Reached *** piety under Makhleb
  9332 | D:8      | Found a staircase to the Lair.
  9433 | D:8      | Found a sand-covered staircase.
  9501 | Ossuary  | Entered an ossuary
  9675 | Ossuary  | Reached skill level 11 in Unarmed Combat
  9710 | Ossuary  | Gained mutation: You are dopey. (Int -2) [potion of
                  | mutation]
  9710 | Ossuary  | Gained mutation: You are agile. (Dex +2) [potion of
                  | mutation]
  9711 | Ossuary  | Lost mutation: You are dopey. (Int -2) [potion of mutation]
  9711 | Ossuary  | Lost mutation: You are agile. (Dex +2) [potion of mutation]
  9711 | Ossuary  | Gained mutation: You have a pair of small antennae on your
                  | head. [potion of mutation]
  9711 | Ossuary  | Gained mutation: Your flesh is heat resistant. (rF+)
                  | [potion of mutation]
  9711 | Ossuary  | Gained mutation: You have a beak for a mouth. [potion of
                  | mutation]
  9774 | D:8      | Reached **** piety under Makhleb
  9808 | D:8      | Found a glowing golden altar of the Shining One.
  9988 | D:8      | Gained mutation: When low on magic, you restore magic in
                  | place of health. [demonic ancestry]
  9988 | D:8      | Reached XP level 10. HP: 82/82 MP: 10/10
 10354 | D:9      | Found a staircase to the Orcish Mines.
 11163 | D:10     | Entered Level 10 of the Dungeon
 11450 | D:10     | Reached skill level 12 in Unarmed Combat
 11478 | D:10     | Reached ***** piety under Makhleb
 11636 | D:10     | Found Nexi's Armour Emporium.
 11691 | D:10     | Found a portal to a secret trove of treasure.
 11867 | Lair:1   | Entered Level 1 of the Lair of Beasts
 11883 | Lair:1   | Noticed a spiny frog
 11883 | Lair:1   | Noticed a six-headed hydra
 11911 | Lair:2   | Reached skill level 10 in Fighting
 11934 | Lair:2   | Killed a spiny frog
 11939 | Lair:2   | Mangled by a komodo dragon

Vault maps used:
D:1:      kilobyte_arrival_exit_the_forest, evilmike_ruin_ashenzari
D:3:      first_ration, minmay_ogre_servants
D:4:      chequers_temple_overflow_statue_of_worship, lemuel_round_altar,
          serial_shops, kennysheep_mini, uniq_duvessa
D:5:      small_statue_intersection, uniq_menkaure
D:6:      nicolae_overflow_hidden_temple, amethyst_overflow_temple_binary,
          temple_hall, glass_columns_a, grunt_ministairs_14,
          hangedman_decor_diamond_cutter, uniq_crazy_yiuf_cottage
D:7:      nicolae_overflow_crystal_walls, the_bakery, st_stairs_13
D:8:      erik_lair_orcish_takeover, nicolae_ossuary_entry_false_entrances,
          nicolae_tso_besieged_by_evil, uniq_psyche
D:9:      orc_0_dummy
D:10:     serial_shops, shop, nicolae_trove_entry_columns
Temple:   compressed_dpeg_circular_temple
Lair:1:   gauntlet_entry_generic, beast_lair_carwin_11
Lair:2:   kb_forest_paths, shoals_dummy_entry, guppyfry_snake_entry_island
Ossuary:  ossuary_crypta

Skill      XL: |  1  2  3  4  5  6  7  8  9 10 |
---------------+-------------------------------+-----
Unarmed Combat | 3 4 5 6 7 9 11 12 | 12.5
Fighting       | 4 5 6 7 8 10 | 10.1
Dodging        | |  2.6
Stealth        | |  1.7

Action                   |  1- 3 |  4- 6 |  7- 9 | 10-12 || total
-------------------------+-------+-------+-------+-------++-------
Melee: Unarmed           |   135 |   129 |   347 |   179 ||   790
       Punch             |     1 |     1 |    13 |     2 ||    17
       Kick              |       |       |    40 |       ||    40
       Peck              |       |       |     1 |    48 ||    49
  Use: Potion            |     1 |     3 |     5 |       ||     9
       Scroll            |       |    12 |    10 |       ||    22
 Stab: Sleeping          |    14 |     4 |     5 |       ||    23
       Distracted        |       |       |     2 |       ||     2
  Eat: Chunk             |     3 |     6 |    17 |     7 ||    33
       Ration            |       |     1 |       |       ||     1
Armor: Robe              |    12 |    15 |    19 |       ||    46
       Plate armour      |       |       |    55 |   154 ||   209
Dodge: Dodged            |    85 |    89 |   123 |    58 ||   355

Table legend:
 A = Non-vault XP
 B = Vault XP
 C = Vault XP percentage of total XP
 D = Non-vault monster count
 E = Vault monster count
 F = Vault count percentage of total count
                 A         B        C        D         E       F
            +---------+---------+-------+---------+---------+-------
      Total |    7948 |    2027 |  20.3 |     196 |      39 |  16.6
            +---------+---------+-------+---------+---------+-------
        D:1 |      36 |       0 |   0.0 |      19 |       0 |   0.0
        D:2 |      36 |       2 |   5.3 |      13 |       1 |   7.1
        D:3 |      75 |      11 |  12.8 |      17 |       6 |  26.1
        D:4 |     291 |     214 |  42.4 |      13 |       2 |  13.3
        D:5 |     899 |     183 |  16.9 |      21 |       1 |   4.5
        D:6 |     503 |      78 |  13.4 |      21 |       2 |   8.7
        D:7 |    1104 |     663 |  37.5 |      20 |       2 |   9.1
        D:8 |     715 |     663 |  48.1 |      24 |      13 |  35.1
        D:9 |    1943 |       0 |   0.0 |      24 |       0 |   0.0
       D:10 |    1178 |       0 |   0.0 |      18 |       0 |   0.0
     Lair:2 |    1168 |       0 |   0.0 |       6 |       0 |   0.0
    Ossuary |       0 |     213 | 100.0 |       0 |      12 | 100.0
            +---------+---------+-------+---------+---------+-------
